 Dungeon Crawl Stone Soup version 0.17-a0-1522-g6c5b4ba (webtiles) character file.

82 matakusis the Chopper (level 4, -1/34 HPs)
             Began as a Demonspawn Gladiator on July 14, 2015.
             Slain by a gnoll
             ... wielding a +0 flail
              (5 damage)
             ... on level 3 of the Dungeon.
             The game lasted 00:06:09 (948 turns).

matakusis the Chopper (Demonspawn Gladiator)         Turns: 948, Time: 00:06:10

Health: -1/34      AC:  5    Str: 16    XL:     4   Next: 21%
Magic:  4/4        EV: 13    Int: 10    God:
Gold:   6          SH:  0    Dex: 16    Spells: 0 memorised, 3 levels left

rFire  . . .     SeeInvis .     a - +0 war axe
rCold  . . .     Clarity  .     b - +0 leather armour
rNeg   . . .     SustAt   .     (no shield)
rPois  .         Gourm    .     c - +1 helmet
rElec  .         Spirit   .     (no cloak)
rCorr  .         Warding  .     (no gloves)
rMut   .         Stasis   .     (no boots)
MR     .....                    m - amulet of rage
Stlth  ++........               (no ring)
                                k - +3 ring of dexterity

@: lethally poisoned (-1 -> -4), not resistant to hostile enchantments,
unstealthy
A: nightstalker 1, spiny 1
a: Evoke Berserk Rage


You were on level 3 of the Dungeon.
You were not hungry.

You visited 1 branch of the dungeon, and saw 3 of its levels.

You collected 6 gold pieces.

Inventory:

Hand weapons
 a - a +0 war axe (weapon)
Missiles
 d - 3 throwing nets (quivered)
Armour
 b - a +0 leather armour (worn)
 c - a +1 helmet (worn)
Jewellery
 k - a +3 ring of dexterity (left hand)
 m - an amulet of rage (around neck)
Magical devices
 h - a wand of slowing (27)
Potions
 g - a potion of cure mutation
 p - a potion of cancellation
 q - a potion of poison
Comestibles
 e - 3 bread rations
 f - a meat ration
 i - 5 chunks of flesh
 n - 4 fruits
 o - a beef jerky


   Skills:
 + Level 2.5 Fighting
 + Level 3.7 Axes
 - Level 1.7 Throwing
 + Level 0.5 Armour
 + Level 3.3 Dodging


You had 3 spell levels left.
You didn't know any spells.

Dungeon Overview and Level Annotations

Branches:
Dungeon (3/15)

Altars:
Zin


Innate Abilities, Weirdness & Mutations

You are slightly more attuned to the shadows.
You are partially covered in sharp spines.


Message History

You kill the kobold!
The gnoll hits you with a spear!
* * * LOW HITPOINT WARNING * * *
The rat is struck by your spines.
You kill the rat!
The giant gecko is struck by your spines.
You kill the giant gecko!
You slash the gnoll!
You kill the gnoll!
You feel sick.
You hit the gnoll.
The gnoll is moderately wounded.
The gnoll hits you with a flail.
* * * LOW HITPOINT WARNING * * *
You hit the gnoll.
The gnoll is heavily wounded.
You feel sick. The gnoll hits you with a flail.
* * * LOW HITPOINT WARNING * * *
The gnoll hits you with a flail.
You die...

......##.#........
[.#.................
#...#.#...........##.#
...................#(#
.....................
#..................#
........g)...<....#
.......#.).#.....##
........@#.......#
........g###.....#
.......#...#.....#
.......#.........#
..........#......#
###.###...#.######
##..(......#######
##......#.........##
##...............#..####


You could see a gnoll and a goblin.

Vanquished Creatures
  2 gnolls (D:3)
  2 adders
  An ooze (D:2)
  2 ball pythons
  4 giant cockroaches
  6 goblins
  7 hobgoblins
  5 bats
  3 giant geckos
  4 giant newts
  2 kobolds (D:3)
  7 rats
45 creatures vanquished.

Notes
Turn   | Place    | Note
--------------------------------------------------------------
     0 | D:1      | matakusis the Demonspawn Gladiator began the quest for the Orb.
     0 | D:1      | Reached XP level 1. HP: 16/16 MP: 1/1
   139 | D:1      | Gained mutation: You are partially covered in sharp spines. [demonic ancestry]
   139 | D:1      | Reached XP level 2. HP: 13/22 MP: 2/2
   213 | D:1      | Reached skill level 3 in Dodging
   618 | D:2      | Reached XP level 3. HP: 25/27 MP: 3/3
   872 | D:3      | Found a glowing silver altar of Zin.
   944 | D:3      | Gained mutation: You are slightly more attuned to the shadows. [demonic ancestry]
   944 | D:3      | Reached XP level 4. HP: 17/34 MP: 4/4
   948 | D:3      | Slain by a gnoll

Vault maps used:
D:1:      dpeg_arrival_rooms_b
D:3:      grunt_dithmenos_smoke_and_mirrors, lemuel_round_altar, first_bread,
          uniq_natasha

Action                   |  1- 3 |  4- 6 || total
-------------------------+-------+-------++-------
Melee: War axe           |    69 |     3 ||    72
  Use: Scroll            |     5 |       ||     5
